 Dungeon Crawl Stone Soup version 0.20.1-1-g8b1a95d (webtiles) character file.

630 Crag the Caller (level 7, -9/93 HPs)
             Began as a Naga Summoner on July 21, 2017.
             Mangled by an orc warrior
             ... wielding a +0 battleaxe
              (24 damage)
             ... on level 5 of the Dungeon on July 22, 2017.
             The game lasted 00:27:07 (4866 turns).

Crag the Caller (Naga Summoner)                     Turns: 4866, Time: 00:27:08

Health: -9/93      AC:  5    Str: 16 (17) XL:     7   Next: 48%
Magic:  2/12       EV: 10    Int: 13 (15) God:
Gold:   358        SH:  0    Dex: 11 (12) Spells: 3/13 levels left

rFire    . . .     SeeInvis +   l - +1 spear
rCold    . . .     Gourm    .   (no shield)
rNeg     . . .     Faith    .   p - +0 robe (curse)
rPois    +         Spirit   .   (no helmet)
rElec    .         Reflect  .   u - +1 cloak
rCorr    .         Harm     .   (no gloves)
MR       .....                  (no barding)
Stlth    ..........             (no amulet)
Regen    0.3/turn               C - ring of flight
MPRegen  0.2/turn               (no ring)

@: berserking, short of breath, hasted, quick
A: see invisible, deformed body, poison resistance, slowness 2, slow metabolism
1, spit poison 1, AC +2
a: Spit Poison, Evoke Flight


You were on level 5 of the Dungeon.
You were not hungry.

You visited 2 branches of the dungeon, and saw 6 of its levels.

You collected 358 gold pieces.

Inventory:

Hand Weapons
 g - a +0 dagger
 l - a +1 spear (weapon)
Missiles
 h - 127 stones (quivered)
 q - 5 curare-tipped needles
Armour
 a - a +0 robe
 p - a cursed +0 robe (worn)
 u - a +1 cloak (worn)
Magical Staves
 y - an uncursed staff of summoning
Jewellery
 C - a ring of flight (left hand)
Wands
 t - a wand of lightning (9/15)
 B - a wand of iceblast (7/15)
Scrolls
 d - 6 scrolls of identify
 f - a scroll of blinking
 i - a scroll of fog
 r - 2 scrolls of enchant weapon
 s - 2 scrolls of teleportation
 v - a scroll of magic mapping
 w - a scroll of recharging {unknown}
 z - a scroll of enchant armour
 A - 2 scrolls of remove curse {unknown}
Potions
 e - a potion of berserk rage
 j - a potion of might
 n - 2 potions of agility
 D - a potion of mutation {unknown}
Books
 b - a book of Callings

   Spells                             Type                      Level
   a - Summon Small Mammal            Summoning                    1
   b - Call Imp                       Summoning                    2
   c - Call Canine Familiar           Summoning                    3
   d - Summon Guardian Golem          Hexes/Summoning              3
   e - Summon Lightning Spire         Summoning/Air                4
   f - Summon Ice Beast               Ice/Summoning                4
 x - a book of Spatial Translocations

   Spells                             Type                      Level
   a - Blink                          Translocation                2
   b - Shroud of Golubria             Charms/Translocation         2
   c - Lesser Beckoning               Translocation                3
   d - Gell's Gravitas                Translocation                3
   e - Teleport Other                 Translocation                3
   f - Passage of Golubria            Translocation                4
Comestibles
 c - 2 bread rations
 k - 3 meat rations
 m - 2 fruits


   Skills:
 + Level 3.0 Fighting
 * Level 4.6 Polearms
 - Level 1.5 Dodging
 - Level 3.6 Stealth
 + Level 3.7 Spellcasting
 + Level 5.4 Summonings


You had 3 spell levels left.
You knew the following spells:

 Your Spells              Type           Power        Failure   Level  Hunger
b - Call Imp              Summ           ###.....     3%          2    ##.....
c - Summon Guardian Gole  Hex/Summ       #.......     22%         3    ###....
d - Blink                 Tloc           N/A          32%         2    ##.....
e - Call Canine Familiar  Summ           ###.....     7%          3    ###....


Dungeon Overview and Level Annotations

Branches:
Dungeon (5/15)             Temple (1/1) D:5

Altars:
Ashenzari
Dithmenos
Elyvilon
Fedhas
Gozag
Hepliaklqana
Kikubaaqudgha
Makhleb
Nemelex Xobeh
Okawaru
Qazlal
Ru
Sif Muna
Uskayaw
Vehumet
Yredelemnul
Zin
The Shining One

Shops:
D:5 *


Innate Abilities, Weirdness & Mutations

You cannot wear boots.
Your serpentine skin is tough. (AC +2)
You have supernaturally acute eyesight. (SInv)
Armour fits poorly on your strangely shaped body.
Your system is resistant to poisons. (rPois)
You cover ground very slowly.
You have a slow metabolism.
You can spit poison.


Message History

You hit the orc warrior but do no damage.
The orc warrior is severely wounded.
Attack whom?
Press: ? - help, Dir - move target cursor, f/p - orc warrior
Aim: an orc warrior, wielding a battleaxe and wearing a chain mail (severely wounded)
You barely miss the orc warrior.
The orc warrior is severely wounded.
The orc warrior hits you with a battleaxe!!
* * * LOW HITPOINT WARNING * * *
The orc barely misses you.
Attack whom?
Press: ? - help, Dir - move target cursor, f/p - orc warrior
Aim: an orc warrior, wielding a battleaxe and wearing a chain mail (severely wounded)
Okay, then.
A red film seems to cover your vision as you go berserk!
You feel yourself moving faster!
You feel mighty!
You hit the orc warrior.
The orc warrior is severely wounded.
The orc warrior hits you with a battleaxe!!
You die...

'...######........#
#...##..##........#
#....#...'........#
#....#..##....##..#
#....#..##....##(.#
#...##..##...)#...#
#...##..##....#...#
#....#...#....#...#
.....#...#....#.@.#
.....#...#..<.#.oo#
###.###.####..##.)#
#####.####..##..#
#...........#...#
#...........#...#
#..##...##..##..#
#..###########..#
##..##....# ...#


You could see an orc warrior and an orc.

Vanquished Creatures
  The ghost of Crag the Caller, an amateur NaSu (D:3)
  An ogre (D:4)
  A phantom (D:5)
  A crimson imp (D:5)
  Crazy Yiuf (D:2)
  A hound (D:4)
  An orc wizard (D:5)
  A worker ant (D:4)
  A hound zombie (D:5)
  A howler monkey zombie (D:5)
  4 adders
  2 worms (D:2)
  5 orcs
  5 bats
  5 giant cockroaches
  5 goblins (D:1)
  6 hobgoblins
  5 jackals
  5 kobolds
  A quokka (D:4)
  5 frilled lizards
  A quokka skeleton (D:4)
  3 rats
62 creatures vanquished.

Vanquished Creatures (collateral kills)
  Sigmund (D:3)
  A hound (D:5)
  A worker ant (D:5)
  A worker ant zombie (D:4)
  3 adders (D:2)
  An ooze (D:2)
  3 worms
  2 orcs (D:3)
  A bat (D:3)
  A giant cockroach (D:2)
  3 hobgoblins
  2 jackals (D:2)
  A quokka (D:2)
  A ball python (D:2)
  4 frilled lizards
  A goblin (D:3)
  3 kobolds (D:3)
  A rat (D:2)
31 creatures vanquished.

Grand Total: 93 creatures vanquished

Notes
Turn   | Place    | Note
-------+----------+-------------------------------------------
     0 | D:1      | Crag the Naga Summoner began the quest for the Orb.
     0 | D:1      | Reached XP level 1. HP: 15/15 MP: 3/3
   198 | D:1      | Reached XP level 2. HP: 22/22 MP: 5/5
   209 | D:1      | Learned a level 2 spell: Call Imp
   652 | D:2      | Reached skill level 1 in Polearms
   724 | D:2      | Reached XP level 3. HP: 28/28 MP: 3/6
   729 | D:2      | Learned a level 3 spell: Summon Guardian Golem
   835 | D:2      | Found an opulent altar of Gozag.
  1075 | D:2      | Found a runed door.
  1082 | D:2      | Noticed Crazy Yiuf
  1092 | D:2      | Killed Crazy Yiuf
  1092 | D:2      | Reached skill level 1 in Fighting
  1092 | D:2      | Reached XP level 4. HP: 19/38 MP: 1/7
  1636 | D:2      | Learned a level 2 spell: Blink
  1809 | D:3      | Noticed Sigmund
  1817 | D:3      | Killed Sigmund
  1817 | D:3      | Reached XP level 5. HP: 45/45 MP: 1/9
  1951 | D:3      | Found a glowing silver altar of Zin.
  2055 | D:3      | Noticed Crag's ghost (amateur NaSu)
  2072 | D:3      | Killed Crag's ghost
  2072 | D:3      | Reached XP level 6. HP: 32/52 MP: 5/10
  2683 | D:3      | Learned a level 3 spell: Call Canine Familiar
  3269 | D:4      | Reached skill level 5 in Summonings
  3546 | D:4      | Found an ancient bone altar of Kikubaaqudgha.
  3624 | D:4      | Reached XP level 7. HP: 47/61 MP: 9/12
  3927 | D:5      | Entered Level 5 of the Dungeon
  3940 | D:5      | Found a deep blue altar of Sif Muna.
  4034 | D:5      | Found Huud's General Store.
  4161 | D:5      | Found a sacrificial altar of Ru.
  4424 | D:5      | Found a staircase to the Ecumenical Temple.
  4435 | Temple   | Entered the Ecumenical Temple
  4866 | D:5      | Mangled by an orc warrior

Skill      XL: |  1  2  3  4  5  6  7 |
---------------+----------------------+-----
Polearms       | 1 2 3 4 |  4.6
Fighting       | 1 2 3 |  3.0
Spellcasting   | 3 |  3.7
Summonings     | 5 |  5.4
Dodging        | |  1.5
Stealth        | |  3.6

Action                   |  1- 3 |  4- 6 |  7- 9 || total
-------------------------+-------+-------+-------++-------
Melee: Unarmed           |     2 |       |       ||     2
       Spear             |    50 |   153 |    83 ||   286
 Cast: Call Imp          |    19 |    43 |    11 ||    73
       Summon Small Mamm |     1 |     1 |       ||     2
       Call Canine Famil |       |       |     2 ||     2
       Summon Guardian G |       |       |     1 ||     1
 Abil: Spit Poison       |    21 |    24 |     4 ||    49
  Use: Scroll            |       |     7 |     1 ||     8
       Potion            |       |     4 |     4 ||     8
 Stab: Sleeping          |     1 |     2 |       ||     3
       Distracted        |       |     1 |     2 ||     3
  Eat: Chunk             |     2 |    11 |     1 ||    14
       Bread ration      |       |       |     1 ||     1
Armor: Robe              |     2 |    27 |    14 ||    43
Dodge: Dodged            |    20 |    67 |    29 ||   116
